 Dungeon Crawl Stone Soup version 0.28-a0-247-gb8bfbab023 (webtiles) character file.

Game seed: 2889215461598258427

3754 ryw the Reanimator (level 9, -5/73 HPs)
             Began as a Deep Dwarf Necromancer on Aug 24, 2021.
             Was a Follower of Makhleb.
             Slain by a two-headed ogre (13 damage)
             ... on level 9 of the Dungeon on Aug 25, 2021.
             The game lasted 00:56:29 (12280 turns).

ryw the Reanimator (Deep Dwarf Necromancer)        Turns: 12280, Time: 00:56:30

Health: -5/73      AC:  7    Str: 13    XL:     9   Next: 93%
Magic:  14/15      EV: 14    Int: 18    God:    Makhleb [*.....]
Gold:   407        SH:  4    Dex: 13    Spells: 7/16 levels left

rFire   + + .      SeeInvis .   C - +1 trident (vamp)
rCold   + + .      Faith    .   r - +0 buckler
rNeg    . . .      Spirit   .   B - +0 steam dragon scales
rPois   .          Reflect  .   f - +0 helmet
rElec   .          Harm     .   d - scarf {rC+ rF+}
rCorr   .          Rampage  .   o - +0 pair of gloves
Will    ++...                   (no boots)
Stlth   ++........              v - amulet of magic regeneration
HPRegen 0.00/turn               n - ring of willpower
MPRegen 0.39/turn               h - ring of the Singing Scavenger {Fly rF+ rC+ Slay+5}

@: flying
A: damage resistance, heal wounds, sense surroundings 2, no regeneration
a: Heal Wounds, Renounce Religion


You were on level 9 of the Dungeon.
You worshipped Makhleb.
Makhleb was aware of your devotion.
You visited 1 branch of the dungeon, and saw 9 of its levels.

You collected 407 gold pieces.

Inventory:

Hand Weapons
 C - a +1 vampiric trident (weapon)
Missiles
 m - 71 poisoned darts (quivered)
 u - 9 boomerangs
Armour
 d - a scarf of resistance (worn)
 f - a +0 helmet (worn)
 o - a +0 pair of gloves (worn)
 r - a +0 buckler (worn)
 B - +0 steam dragon scales (worn)
Jewellery
 c - a ring of see invisible
 h - the ring of the Singing Scavenger (right hand) {Fly rF+ rC+ Slay+5}
   (You found it on level 6 of the Dungeon)

   [ring of protection from fire]

   Slay:      It affects your accuracy & damage with ranged weapons and melee
   (+5).
   rF:        It protects you from fire.
   rC:        It protects you from cold.
   Fly:       It grants you flight.
 n - a ring of willpower (left hand)
 v - an amulet of magic regeneration (around neck)
 w - an amulet of guardian spirit
 x - a ring of magical power
Wands
 p - a wand of charming (6)
 q - a wand of digging (11)
 s - a wand of iceblast (7)
 z - a wand of flame (35)
Scrolls
 a - 5 scrolls of identify
 j - 6 scrolls of amnesia
 l - 3 scrolls of summoning
 t - 2 scrolls of magic mapping
 y - a scroll of holy word
Potions
 b - a potion of brilliance
 e - 2 potions of lignification
 i - a potion of might
 k - 2 potions of curing
 D - a potion of flight
 E - 2 potions of attraction
Miscellaneous
 g - a phantom mirror (inert)


   Skills:
 + Level 2.2 Fighting
 + Level 1.4 Polearms
 - Level 7.1 Dodging
 - Level 2.8 Stealth
 + Level 2.6 Shields
 + Level 4.2 Spellcasting
 + Level 12.5 Necromancy


You had 7 spell levels left.
You knew the following spells:

 Your Spells              Type           Power      Damage    Failure   Level
a - Pain                  Necr           100%       1d9       1%          1
b - Vampiric Draining     Necr           24%        2d9       1%          3
c - Animate Skeleton      Necr           98%        N/A       1%          1
d - Animate Dead          Necr           24%        N/A       1%          4

Your spell library contained the following spells:

 Spells                   Type           Power      Damage    Failure   Level
 Agony                    Necr           49%        N/A       2%          5
 Confusing Touch          Hex            3%         N/A       45%         3
 Infestation              Necr           24%        N/A       100%        8


Dungeon Overview and Level Annotations

Branches:
Dungeon (9/15)             Temple (0/1) D:7
   Lair: D:8-11         Orc: D:9-12

Altars:
Gozag
Makhleb
Qazlal
Uskayaw
Vehumet
Xom
Yredelemnul

Annotations:
D:4 4 runed translucent doors


Innate Abilities, Weirdness & Mutations

You are resistant to damage.
You can heal yourself by infusing magical energy.
You passively map the area around you.
You do not regenerate.


Message History

You feel yourself speed up.
Unknown command.
You start resting.
Magic restored.
a - 5 scrolls of identify (gained 1)
You reach down and open the door.
There is an open door here.
Found a cloak.
Found a stone staircase leading up.
There is an open door here.
You reach down and open the door.
A two-headed ogre comes into view. It is wielding two +0 giant clubs.
There is an open door here.
The two-headed ogre shouts in stereo!
The two-headed ogre barely misses you.
The two-headed ogre completely misses you.
You barely miss the two-headed ogre.
The two-headed ogre hits you with a +0 giant club!!
The two-headed ogre barely misses you.
Casting: Vampiric Draining (safe; 1% risk of failure)
Confirm with . or Enter, or press ? or * to list all spells.
Aiming: Vampiric Draining (safe; 1% risk of failure)
Press: ? - help, Shift-Dir - straight line, f - two-headed ogre
Aim: a two-headed ogre, wielding two +0 giant clubs You draw life force from the two-headed ogre.
You feel life coursing into your body.
The two-headed ogre hits you with a +0 giant club!!
* * * LOW HITPOINT WARNING * * *
The two-headed ogre misses you.
Unknown command.
The two-headed ogre hits you with a +0 giant club!
* * * LOW HITPOINT WARNING * * *
The two-headed ogre barely misses you.
Unknown command.
Okay, then.
Unknown command.
You feel much better.
The two-headed ogre closely misses you. x2
The two-headed ogre hits you with a +0 giant club!!
* * * LOW HITPOINT WARNING * * *
The two-headed ogre hits you with a +0 giant club!
You die...

.....# *#.....##.......#...
....[#*, *#.....##.......#...
.....# .... #.....##.......#...
.....#*...... #.....##.......#...
.....# ......##.....##.......#...
.....# ,.....#*.....##.......#...
##########...#*#...?##.......#...
'........#...###.O..##.......#...
#........#.....#@...#........#.#.
#.######.#.....'....#........#...
#........#.....#....#........#.#.
#........#.....#....##.......#...
#........##...########.......#...
#######'###...########.......#...
...[.....##...##.............#...
.........##...##.............#.##
.........##...##.............#.#


You could see a two-headed ogre.

Vanquished Creatures
  2 hornets
  3 steam dragons
  An acid dragon (D:8)
  4 orc warriors
  A sky beast (D:7)
  A black bear (D:5)
  An ice beast (D:5)
  An ogre (D:6)
  2 centaurs
  3 bullfrogs
  2 scorpions
  A wyvern zombie (D:7)
  12 killer bees
  2 howler monkeys
  A bullfrog zombie (D:6)
  4 orc priests
  A bullfrog skeleton (D:5)
  6 hounds
  2 jellies
  A centaur skeleton (D:6)
  2 iguanas
  Terence (D:3)
  6 orc wizards
  4 gnolls
  A howler monkey skeleton (D:5)
  12 adders
  A shadow imp (D:6)
  A white imp (D:7)
  An ufetubus (D:5)
  3 worms
  3 dart slugs
  40 orcs
  7 bats
  10 endoplasms
  3 giant cockroaches (D:1)
  8 goblins
  6 hobgoblins
  4 jackals (D:1)
  11 kobolds
  5 quokkas
  4 ball pythons
  4 rats
188 creatures vanquished.

Vanquished Creatures (collateral kills)
  A killer bee (D:9)
  An ufetubus (D:4)
  An orc (D:8)
3 creatures vanquished.

Vanquished Creatures (others)
  An orc (D:8)
  4 fungi (D:1)
  6 plants (D:1)
11 creatures vanquished.

Grand Total: 202 creatures vanquished

Notes
Turn   | Place    | Note
-------+----------+-------------------------------------------
     0 | D:1      | ryw the Deep Dwarf Necromancer began the quest for the Orb.
     0 | D:1      | Reached XP level 1. HP: 15/15 MP: 3/3
   661 | D:1      | Reached XP level 2. HP: 20/22 MP: 2/4
   953 | D:1      | Found a faded altar of an unknown god.
  1103 | D:1      | Reached skill level 5 in Necromancy
  1207 | D:1      | Reached XP level 3. HP: 24/28 MP: 2/6
  1211 | D:1      | Learned a level 3 spell: Vampiric Draining
  2666 | D:2      | Reached XP level 4. HP: 36/36 MP: 1/8
  3085 | D:3      | Noticed a phantom
  3805 | D:2      | Learned a level 1 spell: Animate Skeleton
  3810 | D:2      | Learned a level 4 spell: Animate Dead
  3911 | D:3      | Found a stormy altar of Qazlal.
  4169 | D:3      | Found an opulent altar of Gozag.
  4210 | D:3      | Found a basalt altar of Yredelemnul.
  4603 | D:3      | Noticed Terence
  4604 | D:3      | Upgraded the game from 0.28-a0-245-g639a1a48b9 to
                  | 0.28-a0-247-gb8bfbab023
  4609 | D:3      | Killed Terence
  4610 | D:3      | Reached XP level 5. HP: 39/42 MP: 5/10
  5031 | D:4      | Reached skill level 6 in Necromancy
  5297 | D:4      | Found a large runed translucent door.
  5297 | D:4      | Found a large runed translucent door.
  5362 | D:4      | Reached XP level 6. HP: 40/49 MP: 4/11
  5834 | D:4      | Found a large runed translucent door.
  5836 | D:4      | Found a large runed translucent door.
  5847 | D:4      | Noticed a yak
  6081 | D:4      | Noticed a steam dragon
  6251 | D:4      | Killed a steam dragon
  6252 | D:4      | Reached skill level 5 in Dodging
  6252 | D:4      | Reached skill level 7 in Necromancy
  6252 | D:4      | Reached XP level 7. HP: 46/55 MP: 5/12
  6642 | D:5      | Entered Level 5 of the Dungeon
  7084 | D:5      | Reached skill level 8 in Necromancy
  7274 | D:5      | Reached XP level 8. HP: 55/62 MP: 7/13
  7928 | D:5      | Identified a scroll of acquirement
  7931 | D:5      | Acquired the Handbook of Stolen Souls and the Oath
  8112 | D:6      | Identified the ring of the Singing Scavenger {Fly rF+ rC+
                  | Slay+5}
  8268 | D:6      | Reached skill level 9 in Necromancy
  8759 | D:6      | Reached skill level 10 in Necromancy
  9381 | D:6      | Gained mutation: You passively map the area around you.
                  | [Deep Dwarf growth]
  9381 | D:6      | Reached XP level 9. HP: 42/68 MP: 5/14
  9852 | D:7      | Reached skill level 11 in Necromancy
 10299 | D:7      | Found a burning altar of Makhleb.
 10308 | D:7      | Became a worshipper of Makhleb the Destroyer
 10444 | D:7      | Reached skill level 12 in Necromancy
 10493 | D:7      | Found a staircase to the Ecumenical Temple.
 10636 | D:8      | Noticed a +0 falchion
 10636 | D:8      | Noticed a +0 short sword
 10636 | D:8      | Noticed a +0 spear
 10636 | D:8      | Noticed a +0 dagger
 10636 | D:8      | Noticed a +0 falchion
 10636 | D:8      | Noticed a +0 short sword
 10637 | D:8      | Noticed a +0 dagger
 10637 | D:8      | Noticed a +0 spear
 10639 | D:8      | Found a hide-covered altar of Uskayaw.
 10639 | D:8      | Found a shimmering altar of Xom.
 11201 | D:8      | Reached skill level 1 in Fighting
 11201 | D:8      | Reached skill level 1 in Shields
 11784 | D:9      | Noticed a boulder beetle
 11859 | D:9      | Found a radiant altar of Vehumet.
 12027 | D:9      | Reached skill level 1 in Polearms
 12058 | D:9      | Reached * piety under Makhleb
 12271 | D:9      | Noticed a two-headed ogre
 12280 | D:9      | Slain by a two-headed ogre

Illustrated notes

Levels and vault maps discovered:
D:1:      elethiomel_arrival_quiet, layout_loops_ring,
          shapermc_ecumenical_altar_mp_urbaneastern
D:2:      layout_basic
D:3:      layout_rooms, mainiacjoe_overflow_two_lobes,
          nicolae_qazlal_eye_of_the_storm, chequers_serial_rivers_micro_a,
          uniq_terence
D:4:      layout_gridville, minmay_hollow_rounded_squares
D:5:      layout_gridville
D:6:      layout_basic
D:7:      layout_cave_pools, lemuel_crystal_altar, temple_hall
D:8:      layout_gridville, nicolae_uskayaw_en_pointe,
          mainiacjoe_overflow_catwalk
D:9:      layout_stronghold, nicolae_vehumet_radiance, serial_glass,
          glass_columns_a, glass_columns_a

Skill      XL: |  1  2  3  4  5  6  7  8  9 |
---------------+----------------------------+-----
Spellcasting   | 2 3 4 |  4.2
Necromancy     | 5 6 7 8 10 12 | 12.5
Dodging        | 3 5 6 7 |  7.1
Fighting       | 2 |  2.2
Shields        | 2 |  2.6
Polearms       | 1 |  1.4
Stealth        | |  2.8

Action                   |  1- 3 |  4- 6 |  7- 9 || total
-------------------------+-------+-------+-------++-------
Melee: Spear             |     5 |     2 |       ||     7
       Dagger            |       |     7 |    78 ||    85
       Trident           |       |       |    31 ||    31
Throw: Stone             |     1 |     3 |       ||     4
       Dart              |       |       |     1 ||     1
 Cast: Pain              |    92 |   101 |    94 ||   287
       Vampiric Draining |     3 |    25 |   124 ||   152
       Animate Skeleton  |       |    11 |     4 ||    15
       Animate Dead      |       |     1 |     7 ||     8
Evoke: Phantom mirror    |       |       |     1 ||     1
  Use: Scroll            |       |       |    14 ||    14
       Potion            |       |       |     7 ||     7
 Stab: Sleeping          |       |       |     2 ||     2
Armor: Robe              |     1 |    24 |    31 ||    56
       Steam dragon scal |       |       |    24 ||    24
Dodge: Dodged            |     5 |    57 |   214 ||   276
Block: Buckler           |       |       |    20 ||    20

Table legend: (Time is in decaauts)
 A = Elapsed time spent in this place.
 B = Non-inter-level travel time spent in this place.
 C = Inter-level travel time spent in this place.
 D = Time resting spent in this place.
 E = Time spent auto-exploring this place.
 F = Levels seen in this place.
 G = Mean time per level.
                   A        B        C        D        E       F      G
               +--------+--------+--------+--------+--------+-----+--------+
         Total |  12325 |  11632 |    693 |   3307 |   5530 |   9 | 1369.4 |
       Dungeon |  12325 |  11632 |    693 |   3307 |   5530 |   9 | 1369.4 |
               +--------+--------+--------+--------+--------+-----+--------+

Top non-repeatable levels by time:
     D:2: 2218 daAuts
     D:4: 2040 daAuts
     D:6: 1810 daAuts
     D:1: 1462 daAuts
     D:5: 1258 daAuts
     D:3: 1165 daAuts
     D:7: 956 daAuts
     D:8: 808 daAuts
     D:9: 603 daAuts
